Map: Frostline LE

Players

IIIIIIIIIIII - Winner!

  • Race: Protoss Protoss
  • League: Silver
  • Spawn Location: 1:00

iPlayDefense

  • Race: Terran Terran
  • League: Bronze
  • Spawn Location: 7:00

VOD

Have the link to the VOD?

Description

Time

  • Played on: April 13, 2025, 9:57 a.m.
  • Length: 1:43
Show
View Real Time Build Order
Export as new Build Order

IIIIIIIIIIII Protoss - Winner!

Build Orders:  

Get SALT Encoding   

  12  0:03  Probe  
  13  0:15  Probe  
  14  0:23  Pylon  
  14  0:29  Probe  
  15  0:41  Probe  
  16  0:44  Gateway  
  16  0:53  Probe  
  17  1:05  Probe  
  18  1:19  Assimilator  
  18  1:21  Assimilator  
  18  1:29  Gateway  
  18  1:31  Pylon  
Show
View Real Time Build Order
Export as new Build Order

iPlayDefense Terran 

Build Orders:  

Get SALT Encoding   

  12  0:01  SCV  
  13  0:15  Supply Depot  
  13  0:19  SCV  
  14  0:49  Barracks  
  14  0:57  SCV  
  15  0:58  Supply Depot  
  15  1:09  SCV  
  16  1:21  SCV  
Tags
 
Matchup
PvT
Replay Pack
DaveSC2
Spawn Locations
Cross Positions
Add a new tag
Caveats
  • Supply blocks, unpowered buildings, or Contaminate may cause inaccurate times.
  • Supply counts are checked every 10 seconds.